 Dungeon Sprint DCSS version 0.22-a0-351-g29664b41f0 (webtiles) character file.

2513 Pa55enger the Spear-Bearer (level 9, -4/117 HPs)
             Began as a Gnoll Berserker on Apr 13, 2018.
             Was a High Priest of Trog.
             Slain by an eight-headed hydra (5 damage)
             ... in the Dungeon (Sprint IX: "|||||||||||||||||||||||||||||").
             The game lasted 00:01:22 (510 turns).

Pa55enger the Spear-Bearer (Gnoll Berserker)         Turns: 510, Time: 00:01:23

Health: -4/117     AC: 10    Str: 25    XL:     9   Next: 53%
Magic:  20/20      EV: 17    Int:  9    God:    Trog [*****.]
Gold:   0          SH:  0    Dex: 21    Spells: 23/23 levels left

rFire    . . .     SeeInvis .   m - +4 quarterstaff (speed)
rCold    . . .     Gourm    .   (shield currently unavailable)
rNeg     . . .     Faith    .   o - +1 scale mail
rPois    +         Spirit   .   (no helmet)
rElec    .         Reflect  .   (no cloak)
rCorr    .         Harm     .   n - +0 pair of gloves
MR       .....     NoTele   +   (no boots)
Stlth    ..........             (no amulet)
HPRegen  0.29/turn              t - ring of poison resistance
MPRegen  0.17/turn              p - +3 ring of dexterity

@: berserking, very quick
A: distributed training, fangs 1, strong nose
a: Berserk, Trog's Hand, Brothers in Arms, Renounce Religion


You were in the Dungeon.
You worshipped Trog.
Trog was extremely pleased with you.
You were very hungry.

You visited 1 branch

Inventory:

Hand Weapons
 a - a +0 spear
 m - a +4 quarterstaff of speed (weapon)
Armour
 b - a +0 animal skin
 n - a +0 pair of gloves (worn)
 o - a +1 scale mail (worn)
Jewellery
 p - a +3 ring of dexterity (right hand)
 q - a +2 ring of evasion
 t - a ring of poison resistance (left hand)
Wands
 l - a wand of iceblast (10)
Scrolls
 i - 2 scrolls of blinking
 k - 4 scrolls of remove curse
 r - a scroll of identify
 u - 2 scrolls of enchant armour
 v - 4 scrolls of enchant weapon
Potions
 d - 5 potions of curing
 e - 9 potions of heal wounds
 f - 2 potions of haste
 g - 4 potions of magic
 h - a potion of berserk rage
 j - a potion of invisibility
 s - a potion of might
Comestibles
 c - a ration


   Skills:
 + Level 10.1 Fighting
 + Level 7.7 Short Blades
 + Level 7.7 Long Blades
 + Level 7.7 Axes
 + Level 7.7 Maces & Flails
 + Level 10.1 Polearms
 + Level 7.7 Staves
 + Level 7.7 Slings
 + Level 7.7 Bows
 + Level 7.7 Crossbows
 + Level 7.7 Throwing
 + Level 9.0 Armour
 + Level 9.0 Dodging
 + Level 7.7 Stealth
 + Level 7.7 Shields
 + Level 7.7 Unarmed Combat
 + Level 7.7 Spellcasting
 + Level 6.4 Conjurations
 + Level 6.4 Hexes
 + Level 6.4 Charms
 + Level 6.4 Summonings
 + Level 6.4 Necromancy
 + Level 6.4 Translocations
 + Level 6.4 Transmutations
 + Level 6.4 Fire Magic
 + Level 6.4 Ice Magic
 + Level 6.4 Air Magic
 + Level 6.4 Earth Magic
 + Level 6.4 Poison Magic
 + Level 8.4 Invocations
 + Level 7.7 Evocations


You had 23 spell levels left.
You didn't know any spells.

Dungeon Overview and Level Annotations

Branches:
Dungeon (1/1)

Altars:
Cheibriados
Dithmenos
Elyvilon
Fedhas
Gozag
Hepliaklqana
Kikubaaqudgha
Makhleb
Nemelex Xobeh
Okawaru
Qazlal
Ru
Sif Muna
Trog
Uskayaw
Vehumet
Wu Jian
Xom
Yredelemnul
Zin
The Shining One
Beogh
Jiyva
Lugonu


Innate Abilities, Weirdness & Mutations

Your experience applies equally to all skills.
You have very sharp teeth.
Your uncanny sense of smell can sniff out nearby items.


Message History

The eight-headed hydra closely misses you.
The eight-headed hydra bites you.
* * * LOW HITPOINT WARNING * * *
The eight-headed hydra bites you!
* * * LOW HITPOINT WARNING * * *
You thump the eight-headed hydra!
The eight-headed hydra is severely wounded.
You sock the eight-headed hydra!
The eight-headed hydra is severely wounded.
The eight-headed hydra barely misses you.
The eight-headed hydra bites you!
* * * LOW HITPOINT WARNING * * *
The eight-headed hydra completely misses you.
The eight-headed hydra misses you.
The eight-headed hydra bites you but does no damage.
The eight-headed hydra bites you!
* * * LOW HITPOINT WARNING * * *
The eight-headed hydra bites you but does no damage.
The eight-headed hydra bites you.
You die...

∆ ▓.▓_▓
∆
▓.▓.▓_▓
∆
▓.▓.▓_▓
▓.▓.▓_▓
∆
▓S▓.▓_▓
∆
▓H▓.▓_▓
∆
▓D▓.▓_▓
∆
▓D▓.▓_▓
∆
▓@▓.▓_▓
∆
▓'▓.▓_▓
∆
▓.▓.▓_▓
∆
▓.▓.▓_▓
∆
▓.▓.▓_▓
∆
▓.▓.▓_▓
∆
▓.▓.▓'▓
∆
▓.▓.▓.▓
∆
▓=▓.▓.▓


You could see an eight-headed hydra, a four-headed hydra, a hippogriff and a
black mamba.

Vanquished Creatures
  A catoblepas (D)
  A two-headed ogre (D)
  A komodo dragon (D)
  2 hippogriffs (D)
  An acid dragon (D)
  A water moccasin (D)
  A porcupine (D)
  3 crocodiles (D)
  A howler monkey (D)
  A hound (D)
  A shadow imp (D)
  An adder skeleton (D)
  A dart slug (D)
  A ball python (D)
  A bat (D)
  A bat skeleton (D)
  A bat zombie (D)
  2 giant cockroaches (D)
  2 quokkas (D)
  A goblin (D)
  2 rats (D)
27 creatures vanquished.

Notes
Turn   | Place    | Note
-------+----------+-------------------------------------------
     0 | D        | Pa55enger the Gnoll Berserker began the quest for the Orb.
     0 | D        | Reached XP level 1. HP: 23/23 MP: 1/1
     9 | D        | Reached ** piety under Trog
     9 | D        | Reached skill level 1 in Invocations
    12 | D        | Reached skill level 1 in Short Blades
    12 | D        | Reached skill level 1 in Long Blades
    12 | D        | Reached skill level 1 in Axes
    12 | D        | Reached skill level 1 in Maces & Flails
    12 | D        | Reached skill level 1 in Staves
    12 | D        | Reached skill level 1 in Slings
    12 | D        | Reached skill level 1 in Bows
    12 | D        | Reached skill level 1 in Crossbows
    12 | D        | Reached skill level 1 in Throwing
    12 | D        | Reached skill level 1 in Stealth
    12 | D        | Reached skill level 1 in Shields
    12 | D        | Reached skill level 1 in Unarmed Combat
    12 | D        | Reached skill level 1 in Spellcasting
    12 | D        | Reached skill level 1 in Evocations
    23 | D        | Reached XP level 2. HP: 29/29 MP: 1/3
    24 | D        | Reached *** piety under Trog
    24 | D        | Reached skill level 1 in Conjurations
    24 | D        | Reached skill level 1 in Hexes
    24 | D        | Reached skill level 1 in Charms
    24 | D        | Reached skill level 1 in Summonings
    24 | D        | Reached skill level 1 in Necromancy
    24 | D        | Reached skill level 1 in Translocations
    24 | D        | Reached skill level 1 in Transmutations
    24 | D        | Reached skill level 1 in Fire Magic
    24 | D        | Reached skill level 1 in Ice Magic
    24 | D        | Reached skill level 1 in Air Magic
    24 | D        | Reached skill level 1 in Earth Magic
    24 | D        | Reached skill level 1 in Poison Magic
    51 | D        | Found a roughly hewn altar of Beogh.
    51 | D        | Found a snail-covered altar of Cheibriados.
    51 | D        | Found a shadowy altar of Dithmenos.
    51 | D        | Found a white marble altar of Elyvilon.
    51 | D        | Found a blossoming altar of Fedhas.
    51 | D        | Found an opulent altar of Gozag.
    77 | D        | Found a hazy altar of Hepliaklqana.
    78 | D        | Found a viscous altar of Jiyva.
    79 | D        | Found an ancient bone altar of Kikubaaqudgha.
    80 | D        | Found a corrupted altar of Lugonu.
    81 | D        | Found a burning altar of Makhleb.
    82 | D        | Found a sparkling altar of Nemelex Xobeh.
    83 | D        | Found an iron altar of Okawaru.
    84 | D        | Found a stormy altar of Qazlal.
    85 | D        | Found a sacrificial altar of Ru.
    86 | D        | Found a deep blue altar of Sif Muna.
    87 | D        | Found a bloodstained altar of Trog.
    88 | D        | Found a hide-covered altar of Uskayaw.
    89 | D        | Found a radiant altar of Vehumet.
    90 | D        | Found an ornate altar of the Wu Jian Council.
    91 | D        | Found a shimmering altar of Xom.
    92 | D        | Found a basalt altar of Yredelemnul.
    93 | D        | Found a glowing silver altar of Zin.
    94 | D        | Found a glowing golden altar of the Shining One.
   139 | D        | Noticed a crocodile
   139 | D        | Noticed a two-headed ogre
   139 | D        | Noticed a crocodile
   143 | D        | Reached **** piety under Trog
   149 | D        | Killed a crocodile
   149 | D        | Reached skill level 5 in Armour
   149 | D        | Reached skill level 5 in Dodging
   149 | D        | Reached XP level 3. HP: 36/36 MP: 5/7
   149 | D        | Reached XP level 4. HP: 43/43 MP: 5/8
   154 | D        | Killed a two-headed ogre
   154 | D        | Reached skill level 5 in Short Blades
   154 | D        | Reached skill level 5 in Long Blades
   154 | D        | Reached skill level 5 in Axes
   154 | D        | Reached skill level 5 in Maces & Flails
   154 | D        | Reached skill level 5 in Staves
   154 | D        | Reached skill level 5 in Slings
   154 | D        | Reached skill level 5 in Bows
   154 | D        | Reached skill level 5 in Crossbows
   154 | D        | Reached skill level 5 in Throwing
   154 | D        | Reached skill level 5 in Stealth
   154 | D        | Reached skill level 5 in Shields
   154 | D        | Reached skill level 5 in Unarmed Combat
   154 | D        | Reached skill level 5 in Spellcasting
   154 | D        | Reached skill level 5 in Evocations
   154 | D        | Reached XP level 5. HP: 51/51 MP: 5/13
   154 | D        | Reached XP level 6. HP: 57/57 MP: 5/14
   154 | D        | Reached XP level 7. HP: 63/63 MP: 5/15
   162 | D        | Reached ***** piety under Trog
   225 | D        | Noticed a hippogriff
   225 | D        | Noticed a catoblepas
   229 | D        | Reached skill level 5 in Conjurations
   229 | D        | Reached skill level 5 in Hexes
   229 | D        | Reached skill level 5 in Charms
   229 | D        | Reached skill level 5 in Summonings
   229 | D        | Reached skill level 5 in Necromancy
   229 | D        | Reached skill level 5 in Translocations
   229 | D        | Reached skill level 5 in Transmutations
   229 | D        | Reached skill level 5 in Fire Magic
   229 | D        | Reached skill level 5 in Ice Magic
   229 | D        | Reached skill level 5 in Air Magic
   229 | D        | Reached skill level 5 in Earth Magic
   229 | D        | Reached skill level 5 in Poison Magic
   229 | D        | Reached XP level 8. HP: 71/71 MP: 15/17
   231 | D        | Received a gift from Trog
   239 | D        | Killed a catoblepas
   255 | D        | Killed a hippogriff
   255 | D        | Reached XP level 9. HP: 49/78 MP: 19/19
   477 | D        | Noticed an eight-headed hydra
   477 | D        | Noticed a komodo dragon
   478 | D        | Noticed a four-headed hydra
   493 | D        | Killed a komodo dragon
   496 | D        | Noticed a black mamba
   498 | D        | Reached skill level 10 in Fighting
   498 | D        | Reached skill level 10 in Polearms
   510 | D        | HP: 1/117 [eight-headed hydra (12)]
   510 | D        | Slain by an eight-headed hydra

Vault maps used:
D:        linesprint

Skill      XL: |  1  2  3  4  5  6  7  8  9 |
---------------+----------------------------+-----
Invocations    | 1 3 6 7 8 |  8.4
Short Blades   | 1 2 5 6 7 |  7.7
Long Blades    | 1 2 5 6 7 |  7.7
Axes           | 1 2 5 6 7 |  7.7
Maces & Flails | 1 2 5 6 7 |  7.7
Staves         | 1 2 5 6 7 |  7.7
Slings         | 1 2 5 6 7 |  7.7
Bows           | 1 2 5 6 7 |  7.7
Crossbows      | 1 2 5 6 7 |  7.7
Throwing       | 1 2 5 6 7 |  7.7
Stealth        | 1 2 5 6 7 |  7.7
Shields        | 1 2 5 6 7 |  7.7
Unarmed Combat | 1 2 5 6 7 |  7.7
Spellcasting   | 1 2 5 6 7 |  7.7
Evocations     | 1 2 5 6 7 |  7.7
Conjurations   | 2 4 5 6 |  6.4
Hexes          | 2 4 5 6 |  6.4
Charms         | 2 4 5 6 |  6.4
Summonings     | 2 4 5 6 |  6.4
Necromancy     | 2 4 5 6 |  6.4
Translocations | 2 4 5 6 |  6.4
Transmutations | 2 4 5 6 |  6.4
Fire Magic     | 2 4 5 6 |  6.4
Ice Magic      | 2 4 5 6 |  6.4
Air Magic      | 2 4 5 6 |  6.4
Earth Magic    | 2 4 5 6 |  6.4
Poison Magic   | 2 4 5 6 |  6.4
Fighting       | 7 8 9 10 | 10.1
Polearms       | 7 8 9 10 | 10.1
Armour         | 5 7 8 9 |  9.0
Dodging        | 5 7 8 9 |  9.0

Action                   |  1- 3 |  4- 6 |  7- 9 || total
-------------------------+-------+-------+-------++-------
Melee: Spear             |    18 |       |       ||    18
       Bite              |     2 |     1 |    16 ||    19
       Quarterstaff      |     9 |     4 |    63 ||    76
Invok: Berserk           |     2 |       |     2 ||     4
  Eat: Chunk             |       |       |     1 ||     1
Armor: Animal skin       |     2 |       |       ||     2
       Scale mail        |     6 |       |    14 ||    20
Dodge: Dodged            |     7 |     4 |    50 ||    61

Table legend:
 A = Spawn XP
 B = Non-spawn XP
 C = Spawn XP percentage of total XP
 D = Spawn monster count
 E = Non-spawn monster count
 F = Spawn count percentage of total count
 G = Total turns spent on level
                    A         B        C        D         E        F      G
               +---------+---------+-------+---------+---------+-------+---------
         Total |       0 |    3590 |   0.0 |       0 |      27 |   0.0 |   510
               +---------+---------+-------+---------+---------+-------+---------
             D |       0 |    3590 |   0.0 |       0 |      27 |   0.0 |   510
               +---------+---------+-------+---------+---------+-------+---------
